[Event "Titled Tuesday Blitz March 29 Late 2022"]
[White "Iskusnyh, Sergei"]
[Black "Bordi, Kevin"]
[WhiteFideId "4120027"]
[BlackFideId "621862"]
[WhiteElo "2492"]
[BlackElo "2813"]
[Result "1-0"]
[Round "02"]
[TimeControl "180+1"]
[Date "2022.03.29"]
[WhiteClock "0:00:03"]
[BlackClock "0:00:09"]

1. d4 d5 2. c4 c6 3. Nf3 Nf6 4. Qb3 dxc4 5. Qxc4 Bf5 6. g3 e6 7. Bg2 Be7 8. O-O O-O 9. e3 Nbd7 10. Rd1 Rc8 11. Qe2 c5 12. Nc3 cxd4 13. Nxd4 Bg4 14. f3 Bh5 15. e4 Qa5 16. Be3 Ne5 17. Nb3 Qb4 18. Rd4 Rc4 19. Rad1 Rfc8 20. h3 Rxd4 21. Rxd4 Nc4 22. g4 Bg6 23. Bf1 b5 24. Nxb5 Qxb5 25. Rxc4 Rxc4 26. Qxc4 Qb8 27. Kg2 h5 28. Qb5 Qc7 29. Nc5 a6 30. Qb7 Qd8 31. Be2 Bxc5 32. Bxc5 Qd2 33. Qxa6 Nxe4 34. fxe4 Bxe4+ 35. Kf2 Qc1 36. Be3 Qh1 37. Qc8+ Kh7 38. Qc4 f5 39. gxh5 Qxh3 40. a4 Qh4+ 41. Kf1 Qh1+ 42. Kf2 Qh4+ 43. Kf1 Qh3+ 44. Ke1 Qxe3 45. a5 f4 46. Qc3 Qg1+ 47. Kd2 f3 48. Bxf3 Qf2+ 49. Be2 Bf5 50. Qe3 Qh4 51. a6 Qb4+ 52. Qc3 Qd6+ 53. Kc1 Qb6 54. Bd3 Qg1+ 55. Kd2 Qf2+ 56. Kc1 Qg1+ 57. Kc2 Qf2+ 58. Kb3 Qb6+ 59. Ka4 Kh6 60. Qd2+ Kh7 61. Bxf5+ exf5 62. Qd3 Kh6 63. b4 Kg5 64. Qg3+ Kh6 65. Qg6+ Qxg6 66. hxg6 f4 67. a7 f3 68. a8=Q f2 69. Qf3 Kxg6 70. Qxf2 Kh6 71. Qg2 1-0


[Site "https://www.chess.com"]

[Event "Titled Tuesday Blitz March 29 Late 2022"]
[White "Jaferian, Koosha"]
[Black "Bluebaum, Matthias"]
[WhiteFideId "12507440"]
[BlackFideId "24651516"]
[WhiteElo "2030"]
[BlackElo "2550"]
[Result "0-1"]
[Round "02"]
[TimeControl "180+1"]
[Date "2022.03.29"]
[WhiteClock "0:00:03"]
[BlackClock "0:00:24"]

1. Nf3 d5 2. b3 Bg4 3. Bb2 Nd7 4. e3 e6 5. Be2 Ngf6 6. O-O Bd6 7. c4 c6 8. d4 O-O 9. Nbd2 Qe7 10. Ne5 Bxe2 11. Qxe2 Ba3 12. Bxa3 Qxa3 13. Nxd7 Nxd7 14. e4 dxe4 15. Nxe4 a5 16. Rab1 Rfd8 17. Qb2 Qxb2 18. Rxb2 Nf6 19. Nxf6+ gxf6 20. Rd2 Rd7 21. Rfd1 Rad8 22. f3 e5 23. d5 cxd5 24. cxd5 Kf8 25. Kf2 Ke7 26. Ke3 f5 27. Rc1 Kd6 28. a3 h5 29. b4 axb4 30. axb4 Ra8 31. Rc3 Ra4 32. Rb3 Rc7 33. f4 f6 34. Rf2 e4 35. Rd2 Rc4 36. Rd4 b5 37. h3 h4 38. Rxc4 bxc4 39. Rb1 Kxd5 40. Rd1+ Kc6 41. Kd4 Rxb4 42. Ra1 Kd6 43. Ra6+ Ke7 44. Ra7+ Ke6 45. Ra6+ Kf7 46. Kc5 Rb2 47. Kxc4 Rxg2 48. Kd5 Rf2 49. Ra7+ Kg6 50. Ke6 Rb2 51. Ra8 Rb6+ 52. Kd5 Kf7 53. Ra7+ Kg6 54. Ra8 Rb7 55. Rh8 Rg7 56. Rxh4 Rg8 57. Kd4 Rd8+ 58. Ke3 Ra8 59. Ke2 Ra2+ 60. Ke3 Ra3+ 61. Ke2 Rf3 62. Kd2 Kf7 63. Ke2 Ke6 64. Kd2 Kd5 65. Ke2 Kd4 66. Rh6 Rxf4 67. Rxf6 Ke5 68. Rf8 Rh4 69. Re8+ Kf4 70. Rh8 Rxh8 0-1


[Site "https://www.chess.com"]

[Event "Titled Tuesday Blitz March 29 Late 2022"]
[White "Janaszak, Dawid"]
[Black "Vifleemskaia, Svetlana"]
[WhiteFideId "1119206"]
[BlackFideId "4129490"]
[WhiteElo "2199"]
[BlackElo "1901"]
[Result "1/2-1/2"]
[Round "02"]
[TimeControl "180+1"]
[Date "2022.03.30"]
[WhiteClock "0:00:13"]
[BlackClock "0:00:05"]

1. d4 Nf6 2. c4 e6 3. g4 Bb4+ 4. Nd2 Nxg4 5. e4 Nf6 6. e5 Ne4 7. Bd3 Nxd2 8. Bxd2 Bxd2+ 9. Qxd2 h6 10. O-O-O d5 11. Ne2 Nc6 12. Rhg1 g6 13. Qf4 g5 14. Qe3 Ne7 15. Nc3 dxc4 16. Bxc4 Nd5 17. Qe4 Nxc3 18. bxc3 c6 19. f4 Qa5 20. Kb2 Bd7 21. fxg5 hxg5 22. Rd2 Rh3 23. Rc2 O-O-O 24. Rxg5 Rdh8 25. Qf4 b5 26. Bb3 b4 27. c4 Qa3+ 28. Kb1 Rxb3+ 29. axb3 Qxb3+ 30. Kc1 Qa3+ 31. Rb2 Qc3+ 32. Kb1 b3 33. Rg1 Qxc4 34. Qd2 Rh3 35. Rc1 Qd5 36. Rc3 Qh1+ 37. Rc1 Qe4+ 38. Ka1 Qd5 39. Rc3 Qh1+ 40. Rb1 Qxh2 41. Qxh2 Rxh2 42. Rcxb3 c5 43. Rb8+ Kc7 44. dxc5 Bc6 45. Rf8 Rf2 46. Rg1 Bd5 47. Rg7 Kc6 48. Rfxf7 Ra2+ 49. Kb1 Kxc5 50. Rc7+ Kd4 51. Rxa7 Rxa7 52. Rxa7 Kxe5 53. Kb2 Kd4 54. Ra4+ Ke5 55. Kc3 Kd6 56. Rh4 Ke5 57. Kd3 Kf5 58. Ke3 Ke5 59. Rb4 Kd6 60. Kd4 Kc6 61. Ke5 Kc5 62. Rb1 Kc4 63. Rc1+ Kd3 64. Rc7 Ke3 65. Rc3+ Kd2 66. Kd4 e5+ 67. Kxe5 Kxc3 1/2-1/2


[Site "https://www.chess.com"]

[Event "Titled Tuesday Blitz March 29 Late 2022"]
[White "Jaracz, Pawel"]
[Black "Terletsky, Oleg"]
[WhiteFideId "1102222"]
[BlackFideId "14116774"]
[WhiteElo "2429"]
[BlackElo "2064"]
[Result "1-0"]
[Round "02"]
[TimeControl "180+1"]
[Date "2022.03.30"]
[WhiteClock "0:00:39"]
[BlackClock "0:00:01"]

1. d4 Nf6 2. c4 g6 3. Nc3 Bg7 4. Nf3 O-O 5. e4 d6 6. Be2 e5 7. O-O Nc6 8. d5 Ne7 9. a4 Nh5 10. Re1 f5 11. Ng5 Nf6 12. Bf3 c6 13. a5 h6 14. Ne6 Bxe6 15. dxe6 fxe4 16. Nxe4 Nxe4 17. Bxe4 d5 18. cxd5 cxd5 19. Bc2 Qd6 20. a6 b6 21. Bd2 e4 22. Ra4 Kh7 23. Bb3 b5 24. Rb4 Bxb2 25. Rxb5 Be5 26. Bb4 Qxe6 27. Bxe7 Qxe7 28. Rb7 Bc7 29. Qxd5 Rad8 30. Qc4 1-0


[Site "https://www.chess.com"]

[Event "Titled Tuesday Blitz March 29 Late 2022"]
[White "Kalavannan, Koby"]
[Black "Fathy, Elameir"]
[WhiteFideId "425753"]
[BlackFideId "10600396"]
[WhiteElo "1927"]
[BlackElo "2311"]
[Result "1-0"]
[Round "02"]
[TimeControl "180+1"]
[Date "2022.03.30"]
[WhiteClock "0:01:17"]
[BlackClock "0:00:09"]

1. d4 d5 2. Nf3 Nf6 3. c4 c6 4. Qb3 dxc4 5. Qxc4 Bf5 6. Nc3 e6 7. g3 Be7 8. Bg2 O-O 9. O-O Nbd7 10. Bg5 Nb6 11. Qb3 Nbd5 12. Qxb7 Nxc3 13. bxc3 Be4 14. Ne5 Bxg2 15. Kxg2 c5 16. e4 Rb8 17. Qxa7 Ra8 18. Qb7 Rb8 19. Qa6 Ra8 20. Qe2 cxd4 21. Nc6 Qd7 22. Nxe7+ Qxe7 23. e5 Qb7+ 24. Qf3 Ne4 25. Rfe1 Nc5 26. Qxb7 Nxb7 27. cxd4 Ra3 28. Re3 Ra4 29. Rb3 Rfa8 1-0


[Site "https://www.chess.com"]

[Event "Titled Tuesday Blitz March 29 Late 2022"]
[White "Kamsky, Gata"]
[Black "Zivkovic, Nemanja"]
[WhiteFideId "2000024"]
[BlackFideId "942154"]
[WhiteElo "2645"]
[BlackElo "2388"]
[Result "1-0"]
[Round "02"]
[TimeControl "180+1"]
[Date "2022.03.29"]
[WhiteClock "0:00:46"]
[BlackClock "0:00:17"]

1. d4 Nf6 2. Bf4 e6 3. e3 c5 4. c3 cxd4 5. exd4 b6 6. Nf3 Bb7 7. h3 d6 8. a4 a6 9. Be2 Be7 10. O-O O-O 11. Bh2 Nbd7 12. Nbd2 Re8 13. Re1 Qc7 14. c4 Qd8 15. b4 a5 16. b5 Ne4 17. Nxe4 Bxe4 18. Nd2 Bb7 19. Bf3 Qc8 20. Bxb7 Qxb7 21. Ne4 Rac8 22. Bxd6 Nf6 23. Nxf6+ Bxf6 24. Rc1 Red8 25. c5 Qd5 26. Qf3 Qxf3 27. gxf3 Bxd4 28. cxb6 Bxb6 29. Bf4 Kf8 30. Rxc8 Rxc8 31. Rc1 Rxc1+ 32. Bxc1 Ke7 33. Be3 Bc7 34. Ba7 Bd6 35. Bd4 g6 36. Bc3 Bb4 37. Be5 Bd6 38. Bxd6+ Kxd6 39. f4 e5 40. fxe5+ Kxe5 41. Kg2 1-0


[Site "https://www.chess.com"]

[Event "Titled Tuesday Blitz March 29 Late 2022"]
[White "Karttunen, Mika"]
[Black "Steinberg, Nitzan"]
[WhiteFideId "502081"]
[BlackFideId "2801795"]
[WhiteElo "2343"]
[BlackElo "2440"]
[Result "1-0"]
[Round "02"]
[TimeControl "180+1"]
[Date "2022.03.29"]
[WhiteClock "0:00:14"]
[BlackClock "0:00:14"]

1. e4 c5 2. Nf3 Nc6 3. d4 cxd4 4. Nxd4 e6 5. Nc3 Qc7 6. Be3 a6 7. Qf3 b5 8. a3 Bb7 9. Nxc6 Qxc6 10. Bd3 Nf6 11. Bd4 Be7 12. O-O O-O 13. Qh3 Ne8 14. e5 g6 15. Rae1 f5 16. exf6 Bxf6 17. Be4 Qc7 18. Bxb7 Qxb7 19. Rd1 Rc8 20. Bxf6 Nxf6 21. Rd2 Rc5 22. Rfd1 Rfc8 23. Qh4 Kg7 24. Qd4 Rc4 25. Qd6 Kf7 26. h3 R8c6 27. Qd3 d5 28. Qf3 Kg7 29. Qd3 b4 30. axb4 Qxb4 31. Ne2 Ne4 32. Nd4 Rb6 33. c3 Qd6 34. Re2 e5 35. Nf3 Nc5 36. Qxc4 dxc4 37. Rxd6 Rxd6 38. Nxe5 Re6 39. Kf1 Kf6 40. Nxc4 Rc6 41. Ne3 Nd3 42. f3 Nf4 43. Ng4+ Kf7 44. Ne5+ 1-0


[Site "https://www.chess.com"]

[Event "Titled Tuesday Blitz March 29 Late 2022"]
[White "Khanin, Semen"]
[Black "Karas, Marek"]
[WhiteFideId "4111990"]
[BlackFideId "14928558"]
[WhiteElo "2442"]
[BlackElo "2271"]
[Result "1/2-1/2"]
[Round "02"]
[TimeControl "180+1"]
[Date "2022.03.29"]
[WhiteClock "0:01:08"]
[BlackClock "0:00:57"]

1. e4 e6 2. d4 d5 3. e5 c5 4. c3 Nc6 5. Nf3 Qb6 6. Na3 cxd4 7. cxd4 Bb4+ 8. Bd2 Nge7 9. Nc2 Bxd2+ 10. Qxd2 O-O 11. Bd3 Nf5 12. O-O Kh8 13. Bxf5 exf5 14. Qf4 Be6 15. Ne3 Ne7 16. h4 h6 17. h5 Rac8 18. Rac1 Rxc1 19. Rxc1 Qxb2 20. Rc7 Re8 21. Nh4 Qb6 22. Rc5 Rc8 23. Rxc8+ Bxc8 24. Kh2 Be6 25. Nhxf5 Nxf5 26. Nxf5 Bxf5 27. Qxf5 Qxd4 28. f4 Kg8 29. Kh3 Qe3+ 30. g3 Qg1 31. Qc8+ Kh7 32. Qxb7 Qh1+ 33. Kg4 Qd1+ 34. Kh4 Qh1+ 35. Kg4 Qd1+ 36. Kh4 Qh1+ 37. Kg4 1/2-1/2


[Site "https://www.chess.com"]

[Event "Titled Tuesday Blitz March 29 Late 2022"]
[White "Korchmar, Vasiliy"]
[Black "Dounis, Alexandros"]
[WhiteFideId "24131750"]
[BlackFideId "4213238"]
[WhiteElo "2370"]
[BlackElo "2204"]
[Result "1-0"]
[Round "02"]
[TimeControl "180+1"]
[Date "2022.03.29"]
[WhiteClock "0:02:16"]
[BlackClock "0:01:49"]

1. d4 Nf6 2. Bf4 g6 3. Nc3 d5 4. e3 Bg7 5. h4 h5 6. Nf3 Bg4 7. Be2 O-O 8. Ne5 Bxe2 9. Qxe2 c6 10. g4 hxg4 11. Nxg4 Nh5 12. Be5 f6 13. Bh2 Nd7 14. O-O-O e5 15. f4 exd4 16. exd4 Re8 17. Qf3 Qe7 18. f5 Qe2 19. Nxe2 1-0


[Site "https://www.chess.com"]

[Event "Titled Tuesday Blitz March 29 Late 2022"]
[White "Kosteniuk, Alexandra"]
[Black "Toncheva, Nadya"]
[WhiteFideId "4128125"]
[BlackFideId "2924056"]
[WhiteElo "2469"]
[BlackElo "1884"]
[Result "1-0"]
[Round "02"]
[TimeControl "180+1"]
[Date "2022.03.30"]
[WhiteClock "0:02:07"]
[BlackClock "0:01:43"]

1. e4 c5 2. c3 Nf6 3. e5 Nd5 4. Nf3 e6 5. d4 cxd4 6. cxd4 d6 7. Bc4 Nb6 8. Bd3 Bd7 9. Nc3 Bc6 10. O-O N8d7 11. Re1 Qc7 12. Bf4 h6 13. Rc1 a6 14. d5 dxe5 15. dxc6 exf4 16. cxd7+ Qxd7 17. Ne5 Qd8 18. Qh5 Qf6 19. Ne4 Qe7 20. Nxf7 Qxf7 21. Nd6+ Bxd6 22. Bg6 O-O 23. Bxf7+ Rxf7 24. Rxe6 Nc8 25. Re8+ Bf8 26. Rcxc8 Rxc8 27. Rxc8 Rd7 28. h4 1-0


[Site "https://www.chess.com"]

[Event "Titled Tuesday Blitz March 29 Late 2022"]
[White "Kostiukov, Alexandr"]
[Black "Rosen, Eric"]
[WhiteFideId "14108100"]
[BlackFideId "2032562"]
[WhiteElo "2202"]
[BlackElo "2362"]
[Result "1/2-1/2"]
[Round "02"]
[TimeControl "180+1"]
[Date "2022.03.30"]
[WhiteClock "0:00:01"]
[BlackClock "0:00:10"]

1. g3 d5 2. Bg2 Nf6 3. d3 c5 4. e4 dxe4 5. dxe4 Qxd1+ 6. Kxd1 Nc6 7. f3 g6 8. c3 Bg7 9. Be3 b6 10. Nd2 Ba6 11. Bf1 Bxf1 12. Nxf1 O-O-O+ 13. Ke2 Ne5 14. Nd2 Rd7 15. Nh3 Rhd8 16. Nf2 h5 17. h3 Ne8 18. f4 Nc6 19. a4 Nd6 20. g4 h4 21. e5 Ne8 22. Nc4 Nc7 23. Rhd1 Nd5 24. Ne4 f5 25. gxf5 gxf5 26. Ng5 Bh6 27. e6 Nxf4+ 28. Bxf4 Rxd1 29. Rxd1 Rxd1 30. Kxd1 Nd8 31. Ne3 Bxg5 32. Bxg5 Nxe6 33. Bxh4 Nf4 34. Bxe7 Nxh3 35. Nxf5 Nf4 36. Kc2 Kb7 37. Bd6 Nd5 38. Bg3 a6 39. Kd3 Nf6 40. Nd6+ Kc6 41. Ne4 Nd5 42. b3 b5 43. axb5+ axb5 44. c4 bxc4+ 45. bxc4 Nb6 46. Nd2 Kd7 47. Bf2 Kd6 48. Ne4+ Ke5 49. Nxc5 Nxc4 50. Kxc4 Kd6 51. Bd4 Kc6 52. Ne4 Kd7 53. Kd5 Ke7 54. Be5 Kd7 55. Nf6+ Ke7 56. Ke4 Ke6 57. Nd5 Kd7 58. Kf5 Kc6 59. Ke6 Kc5 1/2-1/2


[Site "https://www.chess.com"]

[Event "Titled Tuesday Blitz March 29 Late 2022"]
[White "Kozina, Anastasia"]
[Black "Vusatiuk, Vladimir"]
[WhiteFideId "24174017"]
[BlackFideId "14118610"]
[WhiteElo "1993"]
[BlackElo "2157"]
[Result "0-1"]
[Round "02"]
[TimeControl "180+1"]
[Date "2022.03.30"]
[WhiteClock "0:00:13"]
[BlackClock "0:00:10"]

1. e4 c5 2. Nf3 d6 3. d4 cxd4 4. Nxd4 Nf6 5. Nc3 Nc6 6. Bg5 Bd7 7. Be2 Rc8 8. Qd2 Nxd4 9. Qxd4 Qa5 10. Bd2 Qc5 11. Qxc5 Rxc5 12. O-O-O a6 13. Be3 Rc8 14. Bf3 Bc6 15. Nd5 h5 16. h3 Nd7 17. Rhe1 e6 18. Nc3 b5 19. a3 a5 20. Bf4 b4 21. axb4 axb4 22. Ne2 Ba4 23. Rd2 Nb6 24. Ng3 Nc4 25. Rde2 h4 26. Nf1 b3 27. c3 Bb5 28. Ne3 Ra8 29. Kb1 Ne5 30. Rd2 Bd3+ 31. Rxd3 Nxd3 32. Rd1 Nxf4 33. Nc4 d5 34. exd5 exd5 35. Ne5 Bd6 36. Nc6 O-O 37. Nd4 Rfe8 38. Nf5 Be5 39. Nxh4 Ra2 40. g3 Rea8 41. Kc1 Ra1+ 42. Kd2 Rxd1+ 43. Kxd1 Nd3 44. Kd2 Nxb2 45. Nf5 Nc4+ 46. Kd3 b2 47. Ne7+ Kf8 48. Nxd5 b1=Q+ 0-1


[Site "https://www.chess.com"]

[Event "Titled Tuesday Blitz March 29 Late 2022"]
[White "Krishnan, Varun"]
[Black "Pranav, V"]
[WhiteFideId "5054508"]
[BlackFideId "25060783"]
[WhiteElo "2593"]
[BlackElo "2349"]
[Result "0-1"]
[Round "02"]
[TimeControl "180+1"]
[Date "2022.03.29"]
[WhiteClock "0:00:04"]
[BlackClock "0:01:06"]

1. e4 e5 2. Nf3 Nc6 3. Bb5 a6 4. Ba4 Nf6 5. O-O b5 6. Bb3 Bc5 7. a4 Rb8 8. c3 d6 9. d4 Bb6 10. a5 Ba7 11. h3 O-O 12. Be3 Ra8 13. Re1 h6 14. Nbd2 Re8 15. Nf1 exd4 16. cxd4 Rxe4 17. d5 Bxe3 18. dxc6 Bc5 19. Rxe4 Nxe4 20. Bxf7+ Kh8 21. Qd5 Nxf2 22. Kh2 Qf6 23. Re1 Bf5 24. Ng3 Bh7 25. b4 Bxb4 26. Nh5 Qf5 27. Qxf5 Bxf5 28. Rf1 Nd3 29. Nh4 Bh7 30. Ng6+ Bxg6 31. Bxg6 Ne5 32. Be4 Bxa5 33. Nf4 Rf8 34. g3 g5 35. Ra1 Bc3 36. Rc1 Bd2 37. Rc2 Bxf4 38. gxf4 Rxf4 39. Bd5 Rd4 40. Be6 Kg7 41. Ra2 Ra4 42. Rf2 Rd4 43. Ra2 Rd2+ 44. Rxd2 Nf3+ 45. Kg3 Nxd2 46. Kg4 Ne4 47. Bc8 Kf6 48. Kh5 a5 49. Kxh6 a4 50. Kh5 a3 51. Be6 Kxe6 52. Kg4 a2 53. h4 a1=Q 54. hxg5 Qe5 55. g6 Qg3+ 56. Kh5 Qg5# 0-1


[Site "https://www.chess.com"]

[Event "Titled Tuesday Blitz March 29 Late 2022"]
[White "Krstulovic, Alex"]
[Black "Melkumyan, Hrant"]
[WhiteFideId "760056"]
[BlackFideId "13302485"]
[WhiteElo "2193"]
[BlackElo "2604"]
[Result "0-1"]
[Round "02"]
[TimeControl "180+1"]
[Date "2022.03.29"]
[WhiteClock "0:00:02"]
[BlackClock "0:00:22"]

1. e4 c6 2. d4 d5 3. exd5 cxd5 4. Bd3 Nf6 5. Bf4 Nc6 6. c3 g6 7. h3 Bf5 8. Nf3 Bxd3 9. Qxd3 Bg7 10. Nbd2 O-O 11. O-O e6 12. b4 Nd7 13. a4 Rc8 14. Rfe1 Re8 15. Nb3 e5 16. dxe5 Ndxe5 17. Nxe5 Nxe5 18. Bxe5 Bxe5 19. Rac1 Bxc3 20. Rxe8+ Qxe8 21. Qxd5 Bxb4 22. Rxc8 Qxc8 23. Nd4 Qc1+ 24. Kh2 Qf4+ 25. Kg1 Bc3 26. Nf3 Qc7 27. g3 Kg7 28. Kg2 Bf6 29. h4 h5 30. Qe4 a6 31. Qd5 Qb8 32. a5 b6 33. axb6 Qxb6 34. Ng5 Qc7 35. Ne4 Be7 36. Qd4+ Kg8 37. Qa4 a5 38. Qb5 Kg7 39. Ng5 Qa7 40. Qd5 Bxg5 41. hxg5 a4 42. Qe5+ Kh7 43. Qa1 a3 44. Qa2 Qb7+ 45. Kh2 Qe7 46. f4 Kg8 47. Kh3 Qd7+ 48. Kh2 Qd6 49. Qb3 Qa6 50. Qb8+ Kg7 51. Qe5+ Kh7 52. Qe7 Kg8 53. Qe8+ Kg7 54. Qe7 a2 55. Qe5+ Kh7 56. Qe7 Qe6 57. Qa7 h4 58. gxh4 Qe2+ 59. Kh3 Qf1+ 60. Kg3 a1=Q 61. Qxf7+ Qg7 0-1


[Site "https://www.chess.com"]

[Event "Titled Tuesday Blitz March 29 Late 2022"]
[White "Le Goff, Ronan"]
[Black "Kaganskiy, Gleb"]
[WhiteFideId "612073"]
[BlackFideId "4132025"]
[WhiteElo "2276"]
[BlackElo "2165"]
[Result "1-0"]
[Round "02"]
[TimeControl "180+1"]
[Date "2022.03.30"]
[WhiteClock "0:01:56"]
[BlackClock "0:01:02"]

1. d4 Nf6 2. Nf3 d5 3. Bf4 c5 4. e3 Nc6 5. Nbd2 cxd4 6. exd4 Bg4 7. c3 e6 8. Qb3 Qc8 9. Ne5 Bh5 10. Bb5 Nd7 11. Nxd7 Qxd7 12. O-O Bd6 13. Bxd6 Qxd6 14. Bd3 Bg6 15. Qxb7 Rb8 16. Qa6 Bxd3 17. Qxd3 Rxb2 18. Nb3 O-O 19. Rfe1 Rc8 20. Qd1 Qa3 21. Qc1 a5 22. Nc5 Rcb8 23. Nd3 a4 24. Nxb2 Qxb2 25. Qxb2 Rxb2 26. Reb1 Rc2 27. Rb6 Rxc3 28. Ra6 a3 29. Ra8+ Nb8 30. Rxb8+ Rc8 31. Rxc8# 1-0


[Site "https://www.chess.com"]

[Event "Titled Tuesday Blitz March 29 Late 2022"]
[White "Lehtosaari, Mauri"]
[Black "Ricaurte Lopez, Juan Carlos"]
[WhiteFideId "501999"]
[BlackFideId "3600327"]
[WhiteElo "2496"]
[BlackElo "2209"]
[Result "1-0"]
[Round "02"]
[TimeControl "180+1"]
[Date "2022.03.30"]
[WhiteClock "0:00:15"]
[BlackClock "0:00:03"]

1. d4 d5 2. Nf3 e6 3. c3 c5 4. Bg5 Qb6 5. Qc2 cxd4 6. cxd4 Nc6 7. e3 Bd7 8. Nc3 Rc8 9. Be2 Be7 10. Bxe7 Ngxe7 11. O-O O-O 12. a3 Na5 13. Ng5 g6 14. h4 Nc4 15. Rab1 Qa5 16. Rfc1 Rc7 17. h5 Rfc8 18. Bxc4 Rxc4 19. Qe2 Nf5 20. Qf3 Qd8 21. Nh3 b5 22. Nf4 Qg5 23. hxg6 hxg6 24. g3 Kg7 25. Nh3 Qf6 26. Qf4 a5 27. Ne2 b4 28. axb4 axb4 29. b3 Rc2 30. Rxc2 Rxc2 31. Nc1 Bb5 32. Kg2 Nh6 33. Qxf6+ Kxf6 34. Nf4 Ng4 35. Nfd3 1-0


[Site "https://www.chess.com"]

[Event "Titled Tuesday Blitz March 29 Late 2022"]
[White "Lewicki, Miroslaw"]
[Black "Riazantsev, Alexander"]
[WhiteFideId "1113380"]
[BlackFideId "4125029"]
[WhiteElo "2283"]
[BlackElo "2595"]
[Result "1-0"]
[Round "02"]
[TimeControl "180+1"]
[Date "2022.03.30"]
[WhiteClock "0:00:10"]
[BlackClock "0:00:04"]

1. g3 d5 2. Bg2 e5 3. Nf3 Nd7 4. O-O Ngf6 5. d3 c6 6. b3 Bd6 7. Bb2 O-O 8. Nbd2 Re8 9. e4 Qc7 10. exd5 cxd5 11. Re1 h6 12. c4 d4 13. a3 a5 14. Rc1 Qd8 15. Qc2 Rb8 16. Nh4 b6 17. Ne4 Nxe4 18. Bxe4 Nf6 19. Bg2 g5 20. Nf3 Bb7 21. Qd2 Nd7 22. b4 axb4 23. axb4 Qf6 24. Qe2 Bxb4 25. Red1 Nc5 26. h4 Ra8 27. hxg5 hxg5 28. Ra1 Ba5 29. Bc1 g4 30. Nh4 Qe6 31. Bd5 Bxd5 32. cxd5 Qd7 33. Ba3 Bc3 34. Ra2 e4 35. dxe4 Nxe4 36. Qd3 Qxd5 37. Qe2 Nf6 38. Qc2 Qe4 39. Bd6 Qxc2 40. Rxc2 Ne4 41. Bf4 Ra5 42. Rb1 b5 43. Nf5 b4 44. Nh6+ Kf8 45. Nxg4 d3 46. Rcc1 d2 47. Rd1 f5 48. Ne3 Rd8 49. Kg2 Rb5 50. Kf3 b3 51. Nxf5 Nf6 52. Nd6 Rd5 53. Nc4 Rd4 54. Ne5 b2 55. Nc6 R4d5 56. Nxd8 Rxd8 57. Ke2 Ne4 58. f3 Nc5 59. Bxd2 Re8+ 60. Be3 Na4 61. Kf2 Bf6 62. Bd2 Rd8 63. Be1 Re8 64. Rd2 Bc3 65. Re2 Bxe1+ 66. Rexe1 Rc8 67. Re2 Rb8 68. Rc2 Kf7 69. Ke2 Rb4 70. Kd3 Kf6 71. Kd2 Rb3 72. Ke2 Rb4 73. Kd2 Kf5 74. Ke2 Rb3 75. Kd2 Rb4 76. Ke2 Rb5 77. g4+ Kg5 78. Ke3 Rb3+ 79. Ke4 Rb4+ 80. Ke5 Rb5+ 81. Kd4 Rb8 82. Rc4 Ra8 83. Rb4 Kf4 84. Rf1 Rd8+ 85. Kc4 Ra8 86. Kb3+ Kg3 87. Rxa4 Rb8+ 88. Rb4 Kg2 89. Rxb8 Kxf1 90. Kxb2 1-0


[Site "https://www.chess.com"]

[Event "Titled Tuesday Blitz March 29 Late 2022"]
[White "Li, Ben"]
[Black "Almagro Mazariegos, Sebastian"]
[WhiteFideId "2089980"]
[BlackFideId "2221640"]
[WhiteElo "2267"]
[BlackElo "2273"]
[Result "1-0"]
[Round "02"]
[TimeControl "180+1"]
[Date "2022.03.30"]
[WhiteClock "0:02:00"]
[BlackClock "0:00:46"]

1. d4 Nf6 2. c4 g6 3. Nc3 Bg7 4. e4 d6 5. Nf3 O-O 6. h3 c5 7. d5 e6 8. Bd3 Re8 9. O-O e5 10. a3 Nh5 11. Re1 Nf4 12. Bf1 h5 13. b4 b6 14. bxc5 bxc5 15. Rb1 h4 16. Bd2 g5 17. Nh2 Nd7 18. Ng4 Nf6 19. Ne3 Bh6 20. Qf3 Kh8 21. Nf5 Kh7 22. g3 hxg3 23. fxg3 N4h5 24. Nxh6 Kxh6 25. h4 Nh7 26. Be2 Ng7 27. Rf1 Rf8 28. hxg5+ Nxg5 29. Qf6+ 1-0


[Site "https://www.chess.com"]

[Event "Titled Tuesday Blitz March 29 Late 2022"]
[White "Mahajan, Rushaan"]
[Black "Winkels, Marcel"]
[WhiteFideId "30934222"]
[BlackFideId "1003887"]
[WhiteElo "1897"]
[BlackElo "1900"]
[Result "1-0"]
[Round "02"]
[TimeControl "180+1"]
[Date "2022.03.30"]
[WhiteClock "0:01:02"]
[BlackClock "0:00:56"]

1. Nf3 Nf6 2. b3 g6 3. Ba3 Bg7 4. Bb2 O-O 5. g3 c6 6. Bg2 d5 7. O-O Bf5 8. c4 a5 9. Nc3 Ne4 10. Na4 Nf6 11. d4 Na6 12. Rc1 Nb4 13. a3 Na6 14. cxd5 cxd5 15. Ne5 Ne4 16. g4 Be6 17. h3 f5 18. f3 Nd6 19. Nd3 b5 20. Nac5 Nxc5 21. dxc5 Bxb2 22. Nxb2 Nf7 23. Qd4 Rc8 24. Rfd1 Qc7 25. f4 fxg4 26. hxg4 Bxg4 27. Bxd5 Bxe2 28. Re1 Bg4 29. Nd3 Bf5 30. Ne5 e6 31. Nc6 exd5 32. Ne7+ 1-0


[Site "https://www.chess.com"]

[Event "Titled Tuesday Blitz March 29 Late 2022"]
[White "Manelyuk, Daniil"]
[Black "Cagara, Paulina"]
[WhiteFideId "44173920"]
[BlackFideId "1124870"]
[WhiteElo "2222"]
[BlackElo "1780"]
[Result "1-0"]
[Round "02"]
[TimeControl "180+1"]
[Date "2022.03.30"]
[WhiteClock "0:00:04"]
[BlackClock "0:01:13"]

1. e4 c6 2. d4 d5 3. Nc3 a6 4. a4 dxe4 5. Nxe4 Nd7 6. Nf3 Ngf6 7. Bd3 Nxe4 8. Bxe4 Nf6 9. Bd3 Bg4 10. c3 e6 11. h3 Bh5 12. g4 Bg6 13. Ne5 Bxd3 14. Qxd3 Bd6 15. f4 Qc7 16. O-O O-O 17. Nc4 c5 18. Be3 Rfd8 19. Nxd6 Qxd6 20. Rad1 Qc6 21. Qc4 Qe4 22. Rfe1 Qf3 23. Qf1 Qg3+ 24. Qg2 Qh4 25. Bf2 Qh6 26. g5 Qh5 27. gxf6 g6 28. dxc5 Rxd1 29. Qxb7 Rxe1+ 30. Bxe1 Rd8 31. c6 Qe2 32. Bf2 Qd1+ 33. Kh2 Qd2 34. Kg2 Qd5+ 35. Kg1 h5 36. c7 Qd1+ 37. Kg2 Rf8 38. c8=Q Rxc8 39. Qxc8+ Kh7 40. Qf8 Qd5+ 41. Kh2 1-0


[Site "https://www.chess.com"]

[Event "Titled Tuesday Blitz March 29 Late 2022"]
[White "Mangialardo, Tiago Carvalho"]
[Black "Sliwicki, Damian"]
[WhiteFideId "2130718"]
[BlackFideId "1127128"]
[WhiteElo "2061"]
[BlackElo "2067"]
[Result "0-1"]
[Round "02"]
[TimeControl "180+1"]
[Date "2022.03.30"]
[WhiteClock "0:00:03"]
[BlackClock "0:00:17"]

1. e4 e5 2. Nf3 Nc6 3. d4 exd4 4. Nxd4 Bc5 5. Nxc6 Qf6 6. Qf3 Qxf3 7. gxf3 dxc6 8. Bf4 Bb6 9. Nc3 Ne7 10. a4 Ba5 11. Bd2 Be6 12. f4 Bg4 13. Be2 Bxe2 14. Nxe2 Bxd2+ 15. Kxd2 O-O-O+ 16. Ke3 Rhe8 17. Rad1 Nd5+ 18. Kf3 Nb4 19. Nd4 c5 20. c3 cxd4 21. cxb4 Re6 22. Rd3 Rh6 23. h4 Rc6 24. e5 Rc4 25. Rb3 d3 26. Rd1 d2 27. Ke3 Rc2 28. f5 Rd5 29. f4 c6 30. h5 Kc7 31. Rd3 Rxb2 32. R1xd2 Rxd3+ 33. Rxd3 Rxb4 34. Ra3 a5 35. Kf3 b5 36. axb5 Rxb5 37. Kg4 c5 38. Kg5 c4 39. f6 g6 40. hxg6 hxg6 41. Kh6 Kd7 42. Kg7 Ke6 43. Rc3 Rc5 44. Ra3 c3 45. Ra1 c2 46. Rc1 a4 47. Ra1 c1=Q 48. Rxa4 Qc4 49. Ra6+ Qxa6 0-1


[Site "https://www.chess.com"]

[Event "Titled Tuesday Blitz March 29 Late 2022"]
[White "Martin Duque, Jesus"]
[Black "Jensen, Matthew R"]
[WhiteFideId "2208954"]
[BlackFideId "2018110"]
[WhiteElo "2243"]
[BlackElo "2300"]
[Result "1-0"]
[Round "02"]
[TimeControl "180+1"]
[Date "2022.03.30"]
[WhiteClock "0:00:23"]
[BlackClock "0:00:01"]

1. Nf3 d5 2. e3 c6 3. c4 e6 4. b3 f5 5. Bb2 Nf6 6. g3 Nbd7 7. Bg2 Bd6 8. d4 O-O 9. O-O Ne4 10. Qe2 g5 11. Ne1 g4 12. Nd3 Ng5 13. Nd2 Nf6 14. f4 gxf3 15. Nxf3 Ng4 16. Nxg5 Qxg5 17. Nf4 Bd7 18. a3 Kh8 19. Kh1 Rg8 20. Bf3 h5 21. b4 Kg7 22. b5 h4 23. gxh4 Qxh4 24. Rg1 Kf7 25. Raf1 Nxe3 26. Bh5+ Ke7 27. Qxe3 Bxf4 28. Qxf4 Qxh5 29. a4 a6 30. Ba3+ Kf7 31. Qd6 Rxg1+ 32. Kxg1 Rg8+ 33. Kh1 1-0


[Site "https://www.chess.com"]